[Event "95th Caplin Hastings Congress"]
[Site "Hastings"]
[Date "2020.01.02"]
[Round "6.21"]
[White "Fryer, David W"]
[Black "Brouwer, Dennis"]
[Result "0-1"]
[ECO "C00"]
[WhiteElo "1913"]
[BlackElo "2202"]
[Annotator "NA"]
[PlyCount "58"]
[EventDate "2019.12.28"]
[EventType "swiss"]
[EventCountry "ENG"]
[SourceTitle "playchess.com"]
[Source "ChessBase"]
[SourceQuality "1"]
[TimeControl "40/6600+30:3000+30"]

1. e4 e6 2. d3 d5 3. Nd2 Nf6 4. Ngf3 Nc6 5. g3 dxe4 6. dxe4 e5 7. Bg2 Bc5 8. O-O O-O 9. c3 a5 $11 10. Qc2 b6 11. Nb3 Bd6 12. Nxe5 Bxe5 13. f4 a4 14. Nd2 Ba6 15. Re1 Qd6 16. Nf1 Qc5+ 17. Qf2 Qxf2+ 18. Kxf2 Ng4+ 19. Kf3 Bxf1 20. Bxf1 Nxh2+ 21. Kg2 Nxf1 22. fxe5 Nxg3 23. Kxg3 Nxe5 24. Be3 Rfd8 25. Re2 Rd3 26. Kf4 f6 27. Rh1 a3 28. Kf5 axb2 29. Bh6 Rf3+ 0-1

[Event "95th Caplin Hastings Congress"]
[Site "Hastings"]
[Date "2020.01.02"]
[Round "6.22"]
[White "Thorpe, Thomas"]
[Black "Gallagher, Daniel GH"]
[Result "1/2-1/2"]
[ECO "C29"]
[WhiteElo "1924"]
[BlackElo "2171"]
[Annotator "NA"]
[PlyCount "70"]
[EventDate "2019.12.28"]
[EventType "swiss"]
[EventCountry "ENG"]
[SourceTitle "playchess.com"]
[Source "ChessBase"]
[SourceQuality "1"]
[TimeControl "40/6600+30:3000+30"]

1. e4 e5 2. Nc3 Nf6 3. f4 d5 4. exd5 Nxd5 5. Nxd5 Qxd5 6. fxe5 Qxe5+ 7. Qe2 Qxe2+ 8. Bxe2 Bf5 9. d3 Nc6 10. Nf3 O-O-O 11. Bf4 Bc5 12. O-O-O Rhe8 13. Bf1 Nb4 14. a3 Nd5 15. Bd2 Bf2 16. d4 Ne3 17. Bxe3 Bxe3+ 18. Kb1 Bf4 19. Bc4 f6 20. Rhe1 Re3 21. Rxe3 Bxe3 22. Bd3 Bxd3 23. Rxd3 Re8 24. Rd1 Bf4 25. g3 Bd6 26. Re1 Rxe1+ 27. Nxe1 Kd7 28. d5 b5 29. Ka2 Bc5 30. b3 g5 31. g4 Kd6 32. c4 bxc4 33. bxc4 c6 34. dxc6 Kxc6 35. Nd3 Bg1 1/2-1/2

[Event "95th Caplin Hastings Congress"]
[Site "Hastings"]
[Date "2020.01.02"]
[Round "6.23"]
[White "Thatte, Nishchal"]
[Black "Sucikova, Svetlana"]
[Result "0-1"]
[ECO "B06"]
[WhiteElo "1723"]
[BlackElo "2160"]
[Annotator "ChessBase"]
[PlyCount "138"]
[EventDate "2019.12.28"]
[EventType "swiss"]
[EventCountry "ENG"]
[SourceTitle "playchess.com"]
[Source "ChessBase"]
[SourceQuality "1"]
[TimeControl "40/6600+30:3000+30"]

1. e4 g6 2. d4 Bg7 3. Nc3 d6 4. f4 a6 5. a4 Nc6 6. Be3 Nf6 7. Nf3 O-O 8. Qd2 Ng4 9. Bg1 e5 10. d5 Nb8 11. h3 Nf6 12. fxe5 dxe5 13. Be3 Nh5 14. Bh6 Qd6 15. Bc4 Qb4 16. Bxg7 Kxg7 17. b3 Ng3 18. Rg1 Nh5 19. Nxe5 Re8 20. Qd4 f6 21. Nd3 Qd6 22. O-O-O Qa3+ 23. Kd2 Qd6 24. Qf2 Kh8 25. g4 Ng7 26. Rdf1 Nd7 27. h4 Rg8 28. h5 g5 29. Ne2 Ne8 30. Nd4 Ne5 31. Nf5 Nxd3 32. Bxd3 Qb4+ 33. Ke2 b5 34. Ra1 Bd7 35. axb5 Bxb5 36. Qd4 Bxd3+ 37. Qxd3 Nd6 38. Ra4 Qb6 39. Qe3 Qb5+ 40. Qd3 Qc5 41. Rga1 Nxf5 42. exf5 Rae8+ 43. Kd2 Re5 44. Rd4 Rge8 45. Rd1 Qa5+ 46. Kc1 Qa1+ 47. Kd2 Re2+ 48. Qxe2 Qxd4+ 49. Qd3 Qf4+ 50. Kc3 Re3 51. Qxe3 Qxe3+ 52. Rd3 Qc5+ 53. Kb2 Qb4 54. Rg3 Qf4 55. Rg2 Qe4 56. Rd2 Qxg4 57. d6 cxd6 58. Rxd6 Qxf5 59. Rxa6 Kg7 60. b4 g4 61. Ra5 Qf4 62. Kb3 g3 63. b5 g2 64. Ra1 Qf1 65. Rxf1 gxf1=Q 66. c4 Qf2 67. Kb4 Qd4 68. Ka5 Qc3+ 69. Ka6 Qxc4 0-1

[Event "95th Caplin Hastings Congress"]
[Site "Hastings"]
[Date "2020.01.02"]
[Round "6.24"]
[White "Graham, David B"]
[Black "Shivika Rohilla"]
[Result "1-0"]
[ECO "C54"]
[WhiteElo "2152"]
[BlackElo "1744"]
[Annotator "NA"]
[PlyCount "85"]
[EventDate "2019.12.28"]
[EventType "swiss"]
[EventCountry "ENG"]
[SourceTitle "playchess.com"]
[Source "ChessBase"]
[SourceQuality "1"]
[TimeControl "40/6600+30:3000+30"]

1. e4 e5 2. Nf3 Nc6 3. Bc4 Bc5 4. c3 Nf6 5. d3 O-O 6. Bg5 h6 7. Bh4 Be7 8. Nbd2 Re8 $14 9. Qb3 Rf8 10. Qc2 d6 11. a4 Nh5 12. Bg3 Nxg3 13. hxg3 Be6 14. Bxe6 fxe6 15. Nc4 Bf6 16. Ne3 Qe8 17. Ng4 Be7 18. Qe2 a6 19. Nh4 b5 20. axb5 axb5 21. Rxa8 Qxa8 22. Nxh6+ gxh6 23. Qg4+ Bg5 24. Qxe6+ Rf7 25. Nf5 Kf8 26. Ke2 Nd8 27. Qg6 Qa2 28. Qxg5 Qxb2+ 29. Qd2 Qb3 30. Rxh6 Ke8 31. Rh1 Ne6 32. Ra1 Kd7 33. Ra2 Nc5 34. Qb2 Qxb2+ 35. Rxb2 Na4 36. Rb3 d5 37. g4 dxe4 38. dxe4 Nc5 39. Rxb5 Nxe4 40. Rxe5 Nxc3+ 41. Kf3 c6 42. g5 Nb5 43. g6 1-0

[Event "95th Caplin Hastings Congress"]
[Site "Hastings"]
[Date "2020.01.02"]
[Round "6.27"]
[White "Pekin, Tolgay"]
[Black "Wall, Tim P"]
[Result "1-0"]
[ECO "B04"]
[WhiteElo "2080"]
[BlackElo "2218"]
[Annotator "ChessBase"]
[PlyCount "31"]
[EventDate "2019.12.28"]
[EventType "swiss"]
[EventCountry "ENG"]
[SourceTitle "playchess.com"]
[Source "ChessBase"]
[SourceQuality "1"]
[TimeControl "40/6600+30:3000+30"]

1. e4 Nf6 2. e5 Nd5 3. d4 d6 4. Nf3 dxe5 5. Nxe5 c6 6. h3 g6 7. Bc4 Bg7 8. O-O O-O 9. Re1 Be6 10. Bb3 a5 11. c4 Nb6 12. c5 Nd5 13. Nc3 Nd7 14. Bxd5 Bxd5 15. Nxd5 Nxe5 16. Nb6 1-0

[Event "95th Caplin Hastings Congress"]
[Site "Hastings"]
[Date "2020.01.02"]
[Round "6.28"]
[White "Anuprita, Patil"]
[Black "Lehaci, Miruna-Daria"]
[Result "0-1"]
[ECO "E14"]
[WhiteElo "2025"]
[BlackElo "2214"]
[Annotator "ChessBase"]
[PlyCount "142"]
[EventDate "2019.12.28"]
[EventType "swiss"]
[EventCountry "ENG"]
[SourceTitle "playchess.com"]
[Source "ChessBase"]
[SourceQuality "1"]
[TimeControl "40/6600+30:3000+30"]

1. d4 Nf6 2. Nf3 e6 3. e3 b6 4. Bd3 Bb7 5. O-O c5 6. c4 cxd4 7. exd4 Be7 8. Nc3 O-O 9. d5 Na6 10. Bb1 Qb8 11. Bg5 h6 12. Bh4 Qf4 13. Qe2 Rfe8 14. Bg3 Qg4 15. d6 Bf8 16. Rd1 Bxf3 17. gxf3 Qh5 18. Kh1 Rac8 19. Be5 Nh7 20. Rg1 Ng5 21. Rg3 Nb4 22. Ne4 Nxe4 23. Bxe4 Rc5 24. Bc3 Na6 25. b4 Rg5 26. Rxg5 hxg5 27. c5 f5 28. Bd3 Nb8 29. Bb5 Kf7 30. Rd1 Qh3 31. Bxd7 Nxd7 32. c6 Rd8 33. Re1 f4 34. cxd7 Bxd6 35. Rg1 Be7 36. Qd1 Qf5 37. Re1 Qd5 38. Qxd5 exd5 39. a3 Rxd7 40. Bd4 Bf6 41. Rd1 Bxd4 42. Rxd4 Ke6 43. Kg2 Rc7 44. Rd1 Rc3 45. Re1+ Kd6 46. Re8 Rxa3 47. Rg8 d4 48. Kf1 a5 49. Rxg7 axb4 50. Rxg5 b3 51. Ke2 Kc6 52. Kd3 b2+ 53. Kc2 Rxf3 54. Kxb2 Rxf2+ 55. Kb3 Rxh2 56. Kc4 Rh6 57. Kxd4 Rf6 58. Rg2 f3 59. Rf2 b5 60. Ke3 Kc5 61. Rc2+ Kb4 62. Kf2 Kb3 63. Rc8 b4 64. Rb8 Kc3 65. Rc8+ Kb2 66. Rb8 b3 67. Rb7 Kc2 68. Rc7+ Kb1 69. Rb7 b2 70. Rb8 Rf4 71. Rb7 Ka2 0-1

[Event "95th Caplin Hastings Congress"]
[Site "Hastings"]
[Date "2020.01.02"]
[Round "6.29"]
[White "Elwin, Adrian G"]
[Black "Ratnesan, Ranesh"]
[Result "1/2-1/2"]
[ECO "D10"]
[WhiteElo "1986"]
[BlackElo "2213"]
[Annotator "ChessBase"]
[PlyCount "118"]
[EventDate "2019.12.28"]
[EventType "swiss"]
[EventCountry "ENG"]
[SourceTitle "playchess.com"]
[Source "ChessBase"]
[SourceQuality "1"]
[TimeControl "40/6600+30:3000+30"]

1. d4 d5 2. c4 c6 3. cxd5 cxd5 4. Nc3 Nf6 5. Bf4 Nc6 6. e3 Bf5 7. Qb3 Na5 8. Bb5+ Bd7 9. Bxd7+ Qxd7 10. Qb5 Nc6 11. Nge2 e6 12. O-O Be7 13. Rac1 a6 14. Qb6 O-O 15. Na4 Ne4 16. Rfd1 Bd8 17. Nc5 Nxc5 18. Qxc5 Be7 19. Qb6 Rfc8 20. Rc3 Bd8 21. Qb3 Na5 22. Qc2 Rxc3 23. Nxc3 b5 24. Rc1 Rc8 25. Qd1 Be7 26. Ne2 Nc4 27. b3 Na3 28. Qd2 Rc6 29. f3 Qc8 30. Rxc6 Qxc6 31. Qc3 Qxc3 32. Nxc3 Bb4 33. Ne2 Nb1 34. e4 Nc3 35. Nxc3 Bxc3 36. Be3 f5 37. exd5 exd5 38. Kf1 Kf7 39. Ke2 h5 40. Kd3 Bb4 41. Bf4 Be7 42. Be5 g5 43. Ke3 Kg6 44. h3 f4+ 45. Kf2 Kf5 46. g3 fxg3+ 47. Bxg3 Ba3 48. Bc7 Bb2 49. Ke3 Bc1+ 50. Kf2 Bd2 51. a4 Bf4 52. Ba5 Bd6 53. axb5 axb5 54. Bd2 Ba3 55. Ba5 Bb2 56. Ke3 Bc1+ 57. Kf2 Kf4 58. Bc7+ Kf5 59. Ba5 Kf4 1/2-1/2

[Event "95th Caplin Hastings Congress"]
[Site "Hastings"]
[Date "2020.01.02"]
[Round "6.30"]
[White "Spanton, Tim R"]
[Black "Keetman, Maaike"]
[Result "0-1"]
[ECO "B23"]
[WhiteElo "1951"]
[BlackElo "2203"]
[Annotator "NA"]
[PlyCount "62"]
[EventDate "2019.12.28"]
[EventType "swiss"]
[EventCountry "ENG"]
[SourceTitle "playchess.com"]
[Source "ChessBase"]
[SourceQuality "1"]
[TimeControl "40/6600+30:3000+30"]

1. e4 c5 2. Nc3 Nc6 3. Nge2 e5 4. Nd5 Nf6 5. Nec3 Nxd5 6. Nxd5 g6 7. Qf3 Bg7 8. Bc4 O-O 9. c3 a6 10. a4 Rb8 11. Qe2 d6 12. d3 Be6 13. Be3 b5 14. axb5 axb5 15. Bb3 b4 16. c4 Ra8 17. O-O Na5 $11 18. Ba4 f5 19. f4 Ra7 20. fxe5 Bxe5 21. exf5 Bxd5 22. cxd5 gxf5 23. Bf4 Bxf4 24. Rxf4 Nb3 25. Qe6+ Kh8 26. Raf1 Rxa4 27. Rxf5 Rxf5 28. Qxf5 Ra1 29. Rxa1 Nxa1 30. g4 Nc2 31. h4 Qe7 0-1

[Event "95th Caplin Hastings Congress"]
[Site "Hastings"]
[Date "2020.01.02"]
[Round "6.31"]
[White "Howell, Oliver W"]
[Black "Brozel, Sacha"]
[Result "0-1"]
[ECO "A37"]
[WhiteElo "1928"]
[BlackElo "2188"]
[Annotator "NA"]
[PlyCount "80"]
[EventDate "2019.12.28"]
[EventType "swiss"]
[EventCountry "ENG"]
[SourceTitle "playchess.com"]
[Source "ChessBase"]
[SourceQuality "1"]
[TimeControl "40/6600+30:3000+30"]

1. Nf3 c5 2. c4 Nc6 3. Nc3 g6 4. g3 Bg7 5. Bg2 d6 6. O-O e5 7. d3 Nge7 8. a3 O-O 9. Rb1 a5 $11 10. Bd2 h6 11. Ne1 Be6 12. Nd5 Rb8 13. b4 axb4 14. axb4 b5 15. Nc2 bxc4 16. dxc4 cxb4 17. Ncxb4 Bf5 18. Ra1 Nxb4 19. Nxb4 e4 20. Ra7 Re8 21. Rxe7 Qxe7 22. Nc6 Qe6 23. Nxb8 Rxb8 24. Bf4 Qxc4 25. Qxd6 Rb2 26. e3 Qb5 27. Qd8+ Kh7 28. Qe7 Qd5 29. h4 Be6 30. Qa3 Qc4 31. Qa8 Bd5 32. Qe8 Bc6 33. Qe7 Qa2 34. Be5 Bxe5 35. Qxe5 Bb5 36. Rc1 Rxf2 37. Qxe4 Qd2 38. Ra1 Bd3 39. Qd5 Qxe3 40. Kh2 Be4 0-1

[Event "95th Caplin Hastings Congress"]
[Site "Hastings"]
[Date "2020.01.02"]
[Round "6.32"]
[White "Jennings, Richard"]
[Black "Fishbein, Mitch"]
[Result "1/2-1/2"]
[ECO "A49"]
[WhiteElo "1903"]
[BlackElo "2151"]
[Annotator "ChessBase"]
[PlyCount "115"]
[EventDate "2019.12.28"]
[EventType "swiss"]
[EventCountry "ENG"]
[SourceTitle "playchess.com"]
[Source "ChessBase"]
[SourceQuality "1"]
[TimeControl "40/6600+30:3000+30"]

1. d4 Nf6 2. Nf3 g6 3. g3 Bg7 4. Bg2 O-O 5. O-O d6 6. a4 a5 7. Re1 Nc6 8. e4 e5 9. c3 Re8 10. d5 Nb8 11. Bg5 h6 12. Bxf6 Qxf6 13. Nbd2 Nd7 14. Nf1 Qd8 15. h3 Rf8 16. Ne3 Nc5 17. Nd2 h5 18. Qc2 h4 19. b4 Na6 20. Rab1 Bh6 21. g4 Bd7 22. Bf1 Qe8 23. Bxa6 Bxa4 24. Qd3 bxa6 25. bxa5 Qc8 26. Nf3 Bd7 27. Nxh4 Kg7 28. Neg2 Bg5 29. f4 exf4 30. Nf3 Bf6 31. Nxf4 Re8 32. Nd4 Be5 33. Qf3 Qd8 34. Rf1 Qf6 35. Kg2 Rab8 36. Nfe2 Qxf3+ 37. Nxf3 Bb5 38. Nxe5 dxe5 39. Rb2 Bd3 40. Rd2 Bxe4+ 41. Kg1 Red8 42. Ng3 Bb1 43. c4 e4 44. Re1 Rb3 45. Kf2 Bd3 46. Nxe4 Bxc4 47. d6 cxd6 48. Nxd6 Rd3 49. Rxd3 Bxd3 50. Ne8+ Kf8 51. Nf6 g5 52. Rd1 Ke7 53. Ng8+ Rxg8 54. Rxd3 Rc8 55. Re3+ Kd6 56. Rf3 Ke6 57. Re3+ Kd6 58. Rf3 1/2-1/2

[Event "95th Caplin Hastings Congress"]
[Site "Hastings"]
[Date "2020.01.02"]
[Round "6.33"]
[White "Eames, Robert S"]
[Black "Sugden, John N"]
[Result "1-0"]
[ECO "E12"]
[WhiteElo "2150"]
[BlackElo "2065"]
[Annotator "NA"]
[PlyCount "63"]
[EventDate "2019.12.28"]
[EventType "swiss"]
[EventCountry "ENG"]
[SourceTitle "playchess.com"]
[Source "ChessBase"]
[SourceQuality "1"]
[TimeControl "40/6600+30:3000+30"]

1. d4 Nf6 2. c4 e6 3. Nf3 b6 4. a3 Bb7 5. Nc3 d5 6. cxd5 Nxd5 7. Bd2 Be7 8. Qc2 O-O 9. e4 Nxc3 10. Bxc3 c5 11. dxc5 Bxc5 12. Bd3 Nd7 13. O-O-O Qc7 14. Kb1 Rfd8 15. h4 Rac8 16. e5 Nf8 17. Ng5 h6 18. Bh7+ Kh8 19. Rxd8 Rxd8 20. Be4 hxg5 21. hxg5+ Kg8 22. Bh7+ Nxh7 23. Qxh7+ Kf8 24. Qh8+ Ke7 25. Qxg7 Be4+ 26. Ka2 Bg6 27. Qxg6 fxg6 28. Rh7+ Kf8 29. Rxc7 Bxf2 30. Rxa7 Rd5 31. a4 Be3 32. Rb7 1-0

[Event "95th Caplin Hastings Congress"]
[Site "Hastings"]
[Date "2020.01.02"]
[Round "6.34"]
[White "Merriman, James"]
[Black "Gutierrez Carmona, Juan Alejandr"]
[Result "0-1"]
[ECO "D36"]
[WhiteElo "1895"]
[BlackElo "2146"]
[Annotator "NA"]
[PlyCount "86"]
[EventDate "2019.12.28"]
[EventType "swiss"]
[EventCountry "ENG"]
[SourceTitle "playchess.com"]
[Source "ChessBase"]
[SourceQuality "1"]
[TimeControl "40/6600+30:3000+30"]

1. d4 d5 2. c4 e6 3. Nc3 Nf6 4. cxd5 exd5 5. Bg5 c6 6. e3 Be7 7. Bd3 Nbd7 8. Nf3 O-O 9. Qc2 Re8 10. O-O g6 11. Rae1 Nf8 12. Ne5 Ne6 13. Bh6 Ng7 14. Bxg7 Kxg7 15. f4 Bd6 16. Rf3 Ng4 17. Ref1 Bf8 18. f5 Rxe5 19. dxe5 Nxe5 20. R3f2 Qg5 21. Nd1 Nxd3 22. Qxd3 Bxf5 23. Qd4+ Kg8 24. h4 Qe7 25. g4 Bg7 26. Qf4 Be6 27. h5 h6 28. hxg6 fxg6 29. Nc3 Re8 30. Rf3 Qh4 31. Qc7 Qe7 32. Qf4 Qd7 33. g5 h5 34. Qa4 Qe7 35. Qh4 Bg4 36. Rf7 Qxe3+ 37. Kh1 Rf8 38. Rxf8+ Bxf8 39. Re1 Bf3+ 40. Kh2 Bd6+ 41. Kh3 Bg4+ 42. Kg2 Qf3+ 43. Kg1 Bg3 0-1

[Event "95th Caplin Hastings Congress"]
[Site "Hastings"]
[Date "2020.01.02"]
[Round "6.35"]
[White "De Boer, Bas"]
[Black "Norinkeviciute, Rasa"]
[Result "1/2-1/2"]
[ECO "A30"]
[WhiteElo "2138"]
[BlackElo "2018"]
[Annotator "ChessBase"]
[PlyCount "102"]
[EventDate "2019.12.28"]
[EventType "swiss"]
[EventCountry "ENG"]
[SourceTitle "playchess.com"]
[Source "ChessBase"]
[SourceQuality "1"]
[TimeControl "40/6600+30:3000+30"]

1. Nf3 Nf6 2. c4 e6 3. Nc3 b6 4. g3 Bb7 5. Bg2 c5 6. O-O Be7 7. d4 cxd4 8. Qxd4 Nc6 9. Qf4 O-O 10. Rd1 d6 11. b3 Nb4 12. a3 Na6 13. Bb2 Nc7 14. e4 Qc8 15. Rac1 Rd8 16. h3 Rd7 17. Qe3 Qf8 18. b4 Rad8 19. Nd4 e5 20. Nf5 Qe8 21. g4 Bf8 22. Bf3 g6 23. Ng3 h6 24. Nd5 Ncxd5 25. cxd5 Rc8 26. Be2 Rdc7 27. Rxc7 Rxc7 28. Rc1 Qc8 29. Rxc7 Qxc7 30. Qc1 Qxc1+ 31. Bxc1 Kg7 32. Be3 Be7 33. f3 Ne8 34. Nf1 Bc8 35. Bb5 Nc7 36. Bc6 f5 37. b5 Bh4 38. Nd2 f4 39. Bf2 Bxf2+ 40. Kxf2 Kf6 41. Nc4 Ke7 42. a4 Bd7 43. Ke2 Ne8 44. Nb2 Nf6 45. Nd3 Bc8 46. Nb4 Kd8 47. Ba8 Bd7 48. Bb7 g5 49. Nc6+ Bxc6 50. bxc6 Ne8 51. Kd2 Nc7 1/2-1/2

[Event "95th Caplin Hastings Congress"]
[Site "Hastings"]
[Date "2020.01.02"]
[Round "6.36"]
[White "Garnett, John S"]
[Black "Brown, Thomas"]
[Result "1/2-1/2"]
[ECO "B07"]
[WhiteElo "1865"]
[BlackElo "2116"]
[Annotator "ChessBase"]
[PlyCount "124"]
[EventDate "2019.12.28"]
[EventType "swiss"]
[EventCountry "ENG"]
[SourceTitle "playchess.com"]
[Source "ChessBase"]
[SourceQuality "1"]
[TimeControl "40/6600+30:3000+30"]

1. e4 c6 2. Nc3 g6 3. d4 Bg7 4. Bc4 d6 5. Be3 Nf6 6. Nf3 b5 7. Bd3 O-O 8. h3 a6 9. O-O Nbd7 10. Qd2 c5 11. Bh6 c4 12. Bxg7 Kxg7 13. Be2 b4 14. e5 bxc3 15. exf6+ Nxf6 16. Qxc3 d5 17. b3 cxb3 18. axb3 Qd6 19. Qc5 Bf5 20. Rfc1 Qxc5 21. dxc5 Ne4 22. b4 a5 23. c3 Rfb8 24. g4 Nxc3 25. Rxc3 axb4 26. Rcc1 Rxa1 27. Rxa1 Bc2 28. Nd4 b3 29. Nxc2 bxc2 30. Bd3 Rc8 31. Rc1 Rxc5 32. Rxc2 Ra5 33. Rc7 e6 34. Kg2 g5 35. Rb7 Ra4 36. Bb5 Rf4 37. Ra7 Kg6 38. Ra4 Rf6 39. Kg3 h5 40. Ra3 h4+ 41. Kg2 Rf4 42. Ra4 Rxa4 43. Bxa4 Kf6 44. Kf3 Ke5 45. Bc2 Kd4 46. Bh7 e5 47. Bg8 f6 48. Bh7 Kc3 49. Ke3 Kc4 50. Bg8 Kc5 51. Kd3 Kc6 52. Kc3 Kc5 53. Bf7 Kd6 54. Kb4 e4 55. Kc3 Ke5 56. Bg6 d4+ 57. Kd2 Kf4 58. Ke2 d3+ 59. Kd2 Kf3 60. Ke1 Kf4 61. Kd2 Kf3 62. Ke1 Kf4 1/2-1/2

[Event "95th Caplin Hastings Congress"]
[Site "Hastings"]
[Date "2020.01.02"]
[Round "6.37"]
[White "Salmons, Calum"]
[Black "Thompson, Ian D"]
[Result "0-1"]
[ECO "C00"]
[WhiteElo "1796"]
[BlackElo "2141"]
[Annotator "NA"]
[PlyCount "88"]
[EventDate "2019.12.28"]
[EventType "swiss"]
[EventCountry "ENG"]
[SourceTitle "playchess.com"]
[Source "ChessBase"]
[SourceQuality "1"]
[TimeControl "40/6600+30:3000+30"]

1. e4 e6 2. Nf3 d5 3. e5 c5 4. b4 b6 5. a3 Qd7 6. c3 Ba6 7. Bxa6 Nxa6 8. Qe2 Nc7 9. d4 Ne7 10. Nbd2 Ng6 11. O-O a5 12. bxc5 bxc5 13. Nb3 c4 14. Nbd2 a4 15. g3 Ne7 16. Nb1 Nc6 17. Nh4 Na5 18. Be3 Rb8 19. f4 g6 20. g4 Be7 21. Qf2 Qd8 22. Ng2 f5 23. exf6 Bxf6 24. f5 exf5 25. gxf5 g5 26. h4 gxh4 27. Bh6 Rg8 28. Kh1 Kd7 29. Nd2 Rb2 30. Rab1 Rc2 31. Rbc1 Rxc1 32. Rxc1 Nb3 33. Re1 Nxd2 34. Qxd2 Bg5 35. Bxg5 Qxg5 36. Qc2 h3 37. Ne3 Qg3 38. Qxa4+ Kc8 39. Qd1 Qf2 40. Qe2 Rg1+ 41. Rxg1 Qxe2 42. Rg3 Ne8 43. Rxh3 Nf6 44. Ng2 Ng4 0-1

[Event "95th Caplin Hastings Congress"]
[Site "Hastings"]
[Date "2020.01.02"]
[Round "6.38"]
[White "Terentiev, Sergei"]
[Black "Byrn, Carsten"]
[Result "1-0"]
[ECO "A16"]
[WhiteElo "2292"]
[BlackElo "1919"]
[Annotator "NA"]
[PlyCount "55"]
[EventDate "2019.12.28"]
[EventType "swiss"]
[EventCountry "ENG"]
[SourceTitle "playchess.com"]
[Source "ChessBase"]
[SourceQuality "1"]
[TimeControl "40/6600+30:3000+30"]

1. c4 Nf6 2. Nf3 g6 3. Nc3 d5 4. cxd5 Nxd5 5. h4 h5 (5... Nxc3 6. bxc3 Bg7 7. h5 c5 8. Rb1 b6 9. e4 O-O 10. hxg6 hxg6 11. d4 Bb7 12. Ng5 cxd4 13. Qg4 {½-½ (59) Carlsen,M (2875)-Mamedyarov,S (2774) Zagreb 2019}) 6. Qb3 {[%emt 0:02:48] A16: English Opening: 1...Nf6 with ...d5} Nxc3 (6... Nb6 $14) 7. Qxc3 $146 ({Predecessor:} 7. dxc3 Bg7 8. Bf4 c6 9. e4 Qb6 10. Qa3 O-O 11. Bc4 Nd7 12. Ng5 e6 13. Rd1 {0-1 (42) Szily,J-Plater,K Miedzyzdroje 1952}) 7... Rg8 8. d4 Nc6 9. a3 Bg7 10. e3 a6 11. Bc4 Qd6 12. Ng5 e6 13. Bd2 b6 14. Rc1 Bb7 15. Bd3 Rc8 16. Be4 Nd8 17. Bxb7 Nxb7 18. Qc4 Qd5 19. Qxa6 Qxg2 20. Ke2 Nd6 21. Nf3 Qg4 22. Bb4 $18 Kd7 23. Bxd6 Kxd6 24. Qb7 Kd7 25. Rc6 Qf5 26. Rhc1 Qb5+ 27. Ke1 Rge8 28. Rxc7+ 1-0

[Event "95th Caplin Hastings Congress"]
[Site "Hastings"]
[Date "2020.01.02"]
[Round "6.39"]
[White "Ratsma, Midas"]
[Black "Jukes, Sam"]
[Result "1-0"]
[ECO "A28"]
[WhiteElo "2270"]
[BlackElo "1906"]
[Annotator "ChessBase"]
[PlyCount "51"]
[EventDate "2019.12.28"]
[EventType "swiss"]
[EventCountry "ENG"]
[SourceTitle "playchess.com"]
[Source "ChessBase"]
[SourceQuality "1"]
[TimeControl "40/6600+30:3000+30"]

1. c4 e5 2. Nc3 Nf6 3. Nf3 Nc6 4. e4 Be7 5. d4 exd4 6. Nxd4 d6 7. Be2 Nxd4 8. Qxd4 O-O 9. O-O Ng4 10. Nd5 c5 11. Qd2 f5 12. Bxg4 fxg4 13. b3 Be6 14. Bb2 Bxd5 15. Qxd5+ Rf7 16. f3 Qd7 17. fxg4 Raf8 18. Rxf7 Rxf7 19. Rf1 Bd8 20. Rxf7 Qxf7 21. Qxd6 Bc7 22. Qd5 Kf8 23. Qxc5+ Ke8 24. Qb5+ Kf8 25. Ba3+ Kg8 26. Qd5 1-0

[Event "95th Caplin Hastings Congress"]
[Site "Hastings"]
[Date "2020.01.02"]
[Round "6.40"]
[White "Bin-Suhayl, Ieysaa"]
[Black "Faulks, Nick"]
[Result "1-0"]
[ECO "A67"]
[WhiteElo "2187"]
[BlackElo "1900"]
[Annotator "NA"]
[PlyCount "53"]
[EventDate "2019.12.28"]
[EventType "swiss"]
[EventCountry "ENG"]
[SourceTitle "playchess.com"]
[Source "ChessBase"]
[SourceQuality "1"]
[TimeControl "40/6600+30:3000+30"]

1. d4 Nf6 2. c4 c5 3. d5 e6 4. Nc3 exd5 5. cxd5 d6 6. e4 g6 7. f4 Bg7 8. Bb5+ Nfd7 9. Be2 Qh4+ 10. g3 Qd8 11. Nf3 Nb6 12. O-O O-O 13. f5 N8d7 14. Bf4 Nf6 $14 15. fxg6 fxg6 16. a4 Bh3 17. Re1 Nh5 18. Be3 Bg4 19. Ng5 Bxe2 20. Qxe2 Qe7 21. Ne6 Rf7 22. Rf1 Nd7 23. Rxf7 Qxf7 24. Rf1 Qe7 25. Bg5 Nhf6 26. Qe3 Nf8 27. Nxg7 1-0

[Event "95th Caplin Hastings Congress"]
[Site "Hastings"]
[Date "2020.01.02"]
[Round "6.41"]
[White "Anderson, John"]
[Black "Ruane, Brendan J"]
[Result "1-0"]
[ECO "B00"]
[WhiteElo "2163"]
[BlackElo "1882"]
[Annotator "ChessBase"]
[PlyCount "88"]
[EventDate "2019.12.28"]
[EventType "swiss"]
[EventCountry "ENG"]
[SourceTitle "playchess.com"]
[Source "ChessBase"]
[SourceQuality "1"]
[TimeControl "40/6600+30:3000+30"]

1. e4 b6 2. d4 Bb7 3. Bd3 g6 4. Be3 Bg7 5. c3 d6 6. Qe2 a6 7. Nd2 e6 8. f4 Ne7 9. h4 Nd7 10. Ngf3 Nf6 11. O-O-O d5 12. e5 Ng4 13. h5 Nf5 14. Bxf5 gxf5 15. Bg1 Bh6 16. g3 Rg8 17. Nf1 Qd7 18. N3h2 O-O-O 19. Nxg4 Rxg4 20. Bf2 Kb8 21. Rg1 Rdg8 22. Ne3 R4g7 23. Qf3 Rg4 24. Nxg4 fxg4 25. Qd3 Rg7 26. Be3 Ka7 27. Rd2 Qe7 28. Rf2 f5 29. exf6 Qxf6 30. Re1 Rf7 31. Bd2 Bc6 32. Re5 Bd7 33. Qe2 Rg7 34. Qe1 Rg8 35. Rfe2 Qf7 36. f5 Bxd2+ 37. Kxd2 Qxh5 38. fxe6 Qh6+ 39. Kd1 Be8 40. e7 Qg6 41. Kc1 Kb7 42. b3 Qc6 43. Kb2 b5 44. Qh1 Qf6 1-0

[Event "95th Caplin Hastings Congress"]
[Site "Hastings"]
[Date "2020.01.02"]
[Round "6.42"]
[White "Boino, Claudio"]
[Black "Metcalfe, Charlie P"]
[Result "1-0"]
[ECO "C10"]
[WhiteElo "2146"]
[BlackElo "1867"]
[Annotator "NA"]
[PlyCount "47"]
[EventDate "2019.12.28"]
[EventType "swiss"]
[EventCountry "ENG"]
[SourceTitle "playchess.com"]
[Source "ChessBase"]
[SourceQuality "1"]
[TimeControl "40/6600+30:3000+30"]

1. e4 e6 2. d4 d5 3. Nc3 dxe4 4. Nxe4 Nd7 5. Nf3 Ngf6 6. Nxf6+ Nxf6 7. Bd3 c5 8. Be3 cxd4 9. Bxd4 Be7 10. Qe2 O-O 11. O-O Bd7 12. Rfd1 Qc7 13. Be5 Qb6 14. Ng5 h6 15. Ne4 Nd5 16. c4 Nb4 17. a3 Nxd3 18. Rxd3 Rfd8 19. Qg4 g6 20. Nf6+ Bxf6 21. Bxf6 e5 22. Qh4 e4 23. Rd5 Bc6 24. Qxh6 1-0

[Event "95th Caplin Hastings Congress"]
[Site "Hastings"]
[Date "2020.01.02"]
[Round "6.43"]
[White "Ryzhkov, Vjacheslav"]
[Black "Miller, George"]
[Result "1-0"]
[ECO "B01"]
[WhiteElo "2134"]
[BlackElo "1845"]
[Annotator "NA"]
[PlyCount "46"]
[EventDate "2019.12.28"]
[EventType "swiss"]
[EventCountry "ENG"]
[SourceTitle "playchess.com"]
[Source "ChessBase"]
[SourceQuality "1"]
[TimeControl "40/6600+30:3000+30"]

1. e4 d5 2. exd5 Nf6 3. Nf3 Qxd5 4. d4 Bg4 5. Be2 Nc6 6. c4 Qh5 7. Be3 O-O-O 8. Qa4 e5 9. d5 e4 10. dxc6 exf3 11. cxb7+ Kxb7 12. Qxa7+ Kc8 13. Qa6+ Kd7 14. gxf3 Bxf3 15. Nc3 Bxe2 16. Qa4+ Ke6 17. Nxe2 Qe5 18. O-O Ng4 19. Bf4 Qh5 20. Rfe1 Kf6 21. Qc6+ Bd6 22. Qf3 Qf5 23. Ng3 Bf8 1-0